 Dungeon Crawl Stone Soup version 0.28.0-47-ge53b351184 (webtiles) character file.

Game seed: 7125798892178725174

32 firemarshallily the Chopper (level 3, -1/31 HPs)
             Began as a Minotaur Gladiator on May 4, 2022.
             Was an Initiate of Ashenzari.
             Slain by Sigmund
             ... wielding a +1 scythe of protection
              (7 damage)
             ... on level 2 of the Dungeon.
             The game lasted 00:03:38 (983 turns).

firemarshallily the Chopper (Minotaur Gladiator)     Turns: 983, Time: 00:03:39

Health: -1/31      AC:  6    Str: 20    XL:     3   Next: 8%
Magic:  2/2        EV: 12    Int:  5    God:    Ashenzari [......]
Gold:   75         SH:  0    Dex: 11    Spells: 2/2 levels left

rFire   . . .      SeeInvis .   a - +0 war axe
rCold   . . .      Faith    .   (no shield)
rNeg    . . .      Spirit   .   b - +0 leather armour
rPois   .          Reflect  .   c - +0 hat
rElec   .          Harm     .   l - +0 cloak
rCorr   .          Rampage  .   f - +1 pair of gloves
Will    .....                   (no boots)
Stlth   +.........              (no amulet)
HPRegen 0.10/turn               (no ring)
MPRegen 0.08/turn               (no ring)

@: attractive, hasted, very quick
A: horns 2, retaliatory headbutt
a: Renounce Religion, Curse Item


You were on level 2 of the Dungeon.
You worshipped Ashenzari.
Ashenzari was noncommittal.
You visited 1 branch of the dungeon, and saw 2 of its levels.

You collected 75 gold pieces.

Inventory:

Hand Weapons
 a - a +0 war axe (weapon)
Missiles
 d - 3 throwing nets (quivered)
 i - 27 stones
 k - 4 javelins
Armour
 b - a +0 leather armour (worn)
 c - a +0 hat (worn)
 f - a +1 pair of gloves (worn)
 l - a +0 cloak (worn)
Potions
 h - a potion of mutation {unknown}
 j - a potion of resistance {unknown}


   Skills:
 + Level 3.0 Fighting
 * Level 4.4 Axes
 - Level 2.1 Throwing
 + Level 1.1 Armour
 - Level 3.3 Dodging


You had 2 spell levels left.
You didn't know any spells.
Your spell library contained the following spells:

 Spells                   Type           Power      Damage    Failure   Level
 Sandblast                Erth           0%         2d4       54%         1
 Passwall                 Tmut/Erth      0%         N/A       67%         2
 Stone Arrow              Conj/Erth      0%         3d7       88%         3


Dungeon Overview and Level Annotations

Branches:
Dungeon (2/15)

Altars:
Ashenzari

Annotations:
D:2 Sigmund


Innate Abilities, Weirdness & Mutations

You have a pair of horns on your head.
You reflexively headbutt those who attack you in melee.


Message History

A giant cockroach comes into view.
There is an open door here.
The giant cockroach bites you.
You barely miss the giant cockroach. You headbutt the giant cockroach.
You kill the giant cockroach!
HP restored.
You open the door. You open the door.
There is an open door here.
You now have 75 gold pieces (gained 9).
You open the door.
There is an open door here.
Sigmund the Dreaded comes into view.
He is wielding a +1 scythe of protection.
Sigmund gestures at you while chanting. The puff of flame hits you.
It was a potion of haste.
You feel yourself speed up.
It was a potion of attraction.
You feel attractive to monsters.
Sigmund hits you from afar with a +1 scythe of protection!
Sigmund is attracted toward you.
You hit Sigmund. You headbutt Sigmund, but do no damage.
Sigmund is lightly wounded.
You hit Sigmund but do no damage.
Sigmund is lightly wounded.
Sigmund screams, "You will never...
NEVER!!!"
Sigmund drinks a potion.
Sigmund seems to speed up.
You hit Sigmund.
Sigmund is moderately wounded.
Sigmund casts a spell.
Sigmund flickers and vanishes!
Deactivating autopickup; reactivate with Ctrl-A.
Something hits you.
You hit something. Your headbutt misses something.
You hit something but do no damage. Your headbutt misses something.
You hear some strange, mumbled words.
A magic dart appears from out of thin air!
The magic dart hits you. Something hits you!
* * * LOW HITPOINT WARNING * * *
You closely miss something. Something hits you!
You die...

..
..##.#)##.####.#
.. ..##.#..+.+
#.# #.#..#.# #.#
#.####.##+#.#
#...........#
#.####.##'#.# #.
+.'..#.#
#.#..#.#
#@####.#
#....{......#
#.#+##.####.#
+.+ #.# #.# #.#
.!. #.#


There were no monsters in sight!

Vanquished Creatures
  3 dart slugs
  3 orcs (D:2)
  A ball python (D:1)
  An endoplasm (D:2)
  A giant cockroach (D:2)
  2 goblins (D:1)
  2 hobgoblins (D:1)
  3 kobolds (D:1)
  A bat (D:1)
  4 frilled lizards (D:1)
  A rat (D:2)
22 creatures vanquished.

Notes
Turn   | Place    | Note
-------+----------+-------------------------------------------
     0 | D:1      | firemarshallily the Minotaur Gladiator began the quest for
                  | the Orb.
     0 | D:1      | Reached XP level 1. HP: 18/18 MP: 0/0
    58 | D:1      | Found a faded altar of an unknown god.
    68 | D:1      | Prayed at the altar of an unknown god.
    68 | D:1      | Became a worshipper of Ashenzari the Shackled
   221 | D:1      | Reached XP level 2. HP: 25/25 MP: 1/1
   225 | D:1      | Reached skill level 4 in Axes
   825 | D:2      | Reached skill level 1 in Armour
   828 | D:2      | Reached XP level 3. HP: 23/31 MP: 2/2
   973 | D:2      | Noticed Sigmund
   983 | D:2      | Slain by Sigmund

Illustrated notes

Levels and vault maps discovered:
D:1:      tarquinn_simple_flora_water_c, layout_loops_corners,
          ebering_ecumenical_altar_rust, st_stairs_9
D:2:      minmay_door_path, layout_basic, uniq_sigmund

Skill      XL: |  1  2 |
---------------+-------+-----
Axes           | 4 |  4.4
Armour         | 1 |  1.1
Fighting       | 3 |  3.0
Throwing       | |  2.1
Dodging        | |  3.3

Action                   || total
-------------------------++-------
Melee: War axe           ||    36
       Headbutt          ||     9
  Use: Potion            ||     2
Armor: Leather armour    ||     6
Dodge: Dodged            ||    14
